[Event "Titled Tuesday Blitz July 26 Early 2022"]
[White "Ulasevich, Sergei"]
[Black "Rychagov, Andrey"]
[WhiteFideId "13505629"]
[BlackFideId "4119932"]
[WhiteElo "2151"]
[BlackElo "2481"]
[Result "0-1"]
[Round "01"]
[TimeControl "180+1"]
[Date "2022.07.27"]
[WhiteClock "0:00:03"]
[BlackClock "0:00:19"]

1. d4 f5 2. h4 e6 3. Nf3 Nf6 4. g3 Be7 5. Bg2 O-O 6. O-O d6 7. c3 Nc6 8. a4 a5 9. Qb3 Kh8 10. Rd1 Qe8 11. Bf4 Bd8 12. Na3 e5 13. Bg5 e4 14. Nh2 h6 15. Bxf6 Bxf6 16. e3 Rb8 17. Nb5 Qe7 18. Qc2 d5 19. Nf1 Be6 20. Qd2 Rbe8 21. b4 g5 22. hxg5 hxg5 23. Rdb1 Kg7 24. f4 Rh8 25. Kf2 Kf7 26. Ra2 Bc8 27. Rc2 b6 28. Na3 Be6 29. Qc1 Qd7 30. b5 Ne7 31. c4 gxf4 32. exf4 Bxd4+ 33. Ne3 Reg8 34. Qd2 Bc5 35. cxd5 Nxd5 36. Rxc5 bxc5 37. Rd1 Rd8 38. Nac4 Qe7 39. Ne5+ Kf6 40. Nc6 Nxe3 41. Qxe3 Rxd1 42. Qc3+ Kf7 43. Nxe7 Rhd8 44. Nc6 R8d2+ 45. Ke3 Rd3+ 46. Qxd3 Rxd3+ 47. Ke2 Rxg3 48. Kf2 Ra3 49. Ne5+ Kf6 50. Bf1 Rxa4 51. Be2 c4 52. Ke3 c3 53. Bd1 Rb4 54. Nc6 Rb2 55. Ba4 c2 56. Kd2 Bb3 57. Bxb3 Rxb3 58. Kxc2 Rxb5 59. Kc3 Rc5+ 60. Kd4 Rxc6 61. Ke3 Rd6 0-1


[Site "https://www.chess.com"]

[Event "Titled Tuesday Blitz July 26 Early 2022"]
[White "Urbina Perez, Juan Antonio"]
[Black "Ohanyan, Emin"]
[WhiteFideId "2217368"]
[BlackFideId "13312022"]
[WhiteElo "2192"]
[BlackElo "1927"]
[Result "0-1"]
[Round "01"]
[TimeControl "180+1"]
[Date "2022.07.26"]
[WhiteClock "0:00:12"]
[BlackClock "0:00:38"]

1. e4 e5 2. Nf3 Nc6 3. Bb5 f5 4. d3 fxe4 5. dxe4 Nf6 6. O-O Bc5 7. Bxc6 bxc6 8. Nxe5 O-O 9. Nd3 Nxe4 10. Nxc5 Nxc5 11. c4 d6 12. Nc3 Be6 13. b3 Qf6 14. Bb2 Qg6 15. Kh1 Nd3 16. Qd2 Bf5 17. f3 Rae8 18. Ne2 Qh6 19. f4 Be4 20. Ng3 Rxf4 21. Rxf4 Nxf4 22. Nxe4 Rxe4 23. Rf1 Re2 24. Qd4 c5 25. Qc3 Qg6 26. Qf3 Qxg2+ 27. Qxg2 Nxg2 28. Ba1 Rxa2 29. Rg1 g6 30. Rf1 Ne3 31. Re1 Nc2 0-1


[Site "https://www.chess.com"]

[Event "Titled Tuesday Blitz July 26 Early 2022"]
[White "Vachylia, Andrii"]
[Black "Katzir, Moshe"]
[WhiteFideId "14137224"]
[BlackFideId "2802260"]
[WhiteElo "2318"]
[BlackElo "2097"]
[Result "1-0"]
[Round "01"]
[TimeControl "180+1"]
[Date "2022.07.27"]
[WhiteClock "0:00:11"]
[BlackClock "0:00:09"]

1. e4 d5 2. exd5 Qxd5 3. Nc3 Qd8 4. d4 Nf6 5. Nf3 g6 6. Bc4 Bg7 7. Ne5 e6 8. O-O O-O 9. Bg5 a6 10. Qf3 h6 11. Be3 Nbd7 12. Rad1 Rb8 13. Bb3 c6 14. Nc4 Nd5 15. Nd6 Qe7 16. Nxc8 Rfxc8 17. Ne4 N7f6 18. c4 Nxe3 19. fxe3 Nxe4 20. Qxe4 f5 21. Qf3 Kh7 22. e4 Rf8 23. Rfe1 Qd7 24. e5 Rfd8 25. d5 cxd5 26. cxd5 exd5 27. e6 Qe7 28. Rxd5 Rxd5 29. Qxd5 Rd8 30. Qxd8 Qxd8 31. e7 Qe8 32. Bf7 Qxf7 33. e8=Q Qxa2 34. b4 Qd5 35. h3 Qd4+ 36. Kh1 Qxb4 37. Re6 Qb1+ 38. Kh2 f4 39. Qf7 Qd3 40. Qxb7 Qg3+ 41. Kh1 a5 42. Re7 Qc3 43. Qe4 a4 44. Qxa4 f3 45. Qd1 fxg2+ 46. Kxg2 Qc6+ 47. Qf3 Qc2+ 48. Re2 Qc4 49. Rd2 Qc5 50. h4 h5 51. Qe4 Qb6 52. Rd5 Qf6 53. Rxh5+ Kg8 54. Rg5 Kh7 55. Kh3 Bh6 56. Rg3 Qf5+ 57. Qxf5 gxf5 58. Kg2 f4 59. Rg4 Kh8 60. Kf3 Kh7 61. Rg2 Kh8 62. Rg6 Kh7 63. Re6 Kg7 64. Kg4 Kh7 65. Rf6 Kg7 66. Rf5 Kg6 67. Rb5 Kg7 68. Kh5 f3 69. Rf5 f2 70. Rxf2 Be3 71. Rf3 Bh6 72. Rb3 Kh7 73. Rb7+ Bg7 74. Kg5 Kg8 75. Kg6 Be5 76. Re7 Bb8 77. Re8# 1-0


[Site "https://www.chess.com"]

[Event "Titled Tuesday Blitz July 26 Early 2022"]
[White "Vifleemskaia, Svetlana"]
[Black "Nasuta, Grzegorz"]
[WhiteFideId "4129490"]
[BlackFideId "1141686"]
[WhiteElo "1929"]
[BlackElo "2366"]
[Result "0-1"]
[Round "01"]
[TimeControl "180+1"]
[Date "2022.07.27"]
[WhiteClock "0:00:01"]
[BlackClock "0:00:12"]

1. d4 d5 2. c4 e6 3. Nc3 c6 4. cxd5 exd5 5. Qc2 Ne7 6. e3 Bf5 7. Bd3 Bxd3 8. Qxd3 Ng6 9. e4 dxe4 10. Qxe4+ Be7 11. Nf3 Nd7 12. O-O O-O 13. Rd1 Nf6 14. Qf5 Qd6 15. a3 Rad8 16. Bg5 Nd5 17. Ne4 Qd7 18. Qxd7 Rxd7 19. Bxe7 Rxe7 20. Nc5 Rfe8 21. Kf1 Ngf4 22. g3 Ne6 23. Re1 Kf8 24. Nxe6+ Rxe6 25. Rxe6 Rxe6 26. Ng5 Rg6 27. h4 h6 28. Ne4 f5 29. Nc5 b6 30. Nd7+ Ke7 31. Ne5 Re6 32. Re1 Kd6 33. Nc4+ Kd7 34. Ne5+ Kc7 35. Nc4 Rxe1+ 36. Kxe1 b5 37. Ne5 Kd6 38. Nd3 Nf6 39. Ke2 a5 40. f3 Kd5 41. Ke3 Kc4 42. Nc1 Nd5+ 43. Kd2 Kxd4 44. Ne2+ Kc4 45. Kc2 Ne3+ 46. Kd2 Nd5 47. Kc2 a4 48. Kd2 Kb3 49. Kc1 c5 50. Kb1 Kc4 51. Kc2 b4 52. Kd2 bxa3 53. bxa3 Kb3 54. Kd3 Kxa3 55. Kc4 Kb2 56. Kxd5 a3 0-1


[Site "https://www.chess.com"]

[Event "Titled Tuesday Blitz July 26 Early 2022"]
[White "Visakh N R"]
[Black "Przybylski, Wojciech"]
[WhiteFideId "25012223"]
[BlackFideId "1117599"]
[WhiteElo "2448"]
[BlackElo "2133"]
[Result "1-0"]
[Round "01"]
[TimeControl "180+1"]
[Date "2022.07.26"]
[WhiteClock "0:01:18"]
[BlackClock "0:00:03"]

1. e4 c5 2. Nf3 e6 3. d4 cxd4 4. Nxd4 Nc6 5. Nxc6 bxc6 6. Bd3 e5 7. O-O Nf6 8. b3 d6 9. Bb2 Be7 10. Nd2 O-O 11. Qe2 Bg4 12. f3 Be6 13. a4 Re8 14. Rad1 Qc7 15. Nc4 Rad8 16. Bc3 Nd7 17. Ba5 Nb6 18. Qf2 Rb8 19. Be2 d5 20. Ne3 Bc5 21. b4 Bd4 22. c3 Bxc3 23. exd5 cxd5 24. Rc1 d4 25. Nd1 Qe7 26. Nxc3 dxc3 27. Rxc3 Nd5 28. Rc5 Nxb4 29. Bb5 Nd5 30. Bxe8 Qxe8 31. Bd2 Qxa4 32. Ra5 Qc2 33. Qxa7 Rc8 34. Ra2 Qd3 35. Rb2 h5 36. Qf2 Qg6 37. Re1 f6 38. Be3 Qf7 39. Rd2 Rc7 40. f4 Nxf4 41. Bxf4 exf4 42. Qxf4 Rd7 43. Rde2 Bd5 44. Qf5 Rd8 45. Re7 Qf8 46. Qxh5 Bf7 47. Qe2 Re8 48. Rxe8 Bxe8 49. Qxe8 Qxe8 50. Rxe8+ 1-0


[Site "https://www.chess.com"]

[Event "Titled Tuesday Blitz July 26 Early 2022"]
[White "Vivekananthan, Anish"]
[Black "Zhukov, Maksim"]
[WhiteFideId "2090775"]
[BlackFideId "34181790"]
[WhiteElo "2803"]
[BlackElo "1978"]
[Result "1-0"]
[Round "01"]
[TimeControl "180+1"]
[Date "2022.07.27"]
[WhiteClock "0:01:04"]
[BlackClock "0:00:27"]

1. d4 Nf6 2. Nf3 g6 3. Nbd2 Bg7 4. e4 O-O 5. Bd3 c5 6. d5 e6 7. c4 exd5 8. cxd5 Re8 9. O-O d6 10. h3 Nfd7 11. a4 Ne5 12. Nxe5 Bxe5 13. Nc4 Bg7 14. Bf4 Bf8 15. Qd2 Qc7 16. b4 b6 17. Rfe1 Nd7 18. Rac1 Ne5 19. bxc5 bxc5 20. Nxe5 dxe5 21. Be3 Bd7 22. a5 Bd6 23. Rc2 Rec8 24. Rec1 Rab8 25. Ba6 Rd8 26. Bxc5 Bxc5 27. Rxc5 Qd6 28. Be2 Rdc8 29. Qe3 Rxc5 30. Qxc5 Qf6 31. Qxa7 Rd8 32. Rc7 Qd6 33. a6 Be8 34. Qc5 Qxc5 35. Rxc5 Ra8 36. Ra5 Ra7 37. g3 Kf8 38. f4 f6 39. Kf2 Ke7 40. Ke3 Kd6 41. h4 Bd7 42. g4 h6 43. g5 hxg5 44. hxg5 fxg5 45. fxg5 Bc8 46. Ra1 Kc5 47. Rc1+ 1-0


[Site "https://www.chess.com"]

[Event "Titled Tuesday Blitz July 26 Early 2022"]
[White "Wagner, Dennis"]
[Black "Garrido, Denis"]
[WhiteFideId "24650684"]
[BlackFideId "601217"]
[WhiteElo "2355"]
[BlackElo "2384"]
[Result "1/2-1/2"]
[Round "01"]
[TimeControl "180+1"]
[Date "2022.07.27"]
[WhiteClock "0:00:09"]
[BlackClock "0:00:07"]

1. e4 e5 2. Nf3 Nc6 3. Bc4 Nf6 4. d3 Bc5 5. O-O d6 6. c3 a6 7. a4 Ba7 8. Re1 O-O 9. h3 h6 10. Nbd2 Re8 11. b4 Be6 12. Bxe6 Rxe6 13. Qc2 d5 14. Rb1 dxe4 15. dxe4 Qd7 16. b5 Na5 17. c4 Rd8 18. Bb2 Nh5 19. Bc3 Nf4 20. Nxe5 Rxe5 21. Bxe5 Nd3 22. Qc3 Bxf2+ 23. Kh1 Bxe1 24. Rxe1 Nxe1 25. Nf1 Nd3 26. Bxg7 Nf2+ 27. Kg1 Nxe4 28. Qe5 Ng5 29. Bxh6 Ne6 30. Qf6 Qd4+ 31. Qxd4 Rxd4 32. Ne3 Nxc4 33. Nf5 Rd1+ 34. Kf2 Ra1 35. bxa6 bxa6 36. g4 Rxa4 37. h4 Ra2+ 38. Kg3 Ra3+ 39. Kf2 Ne5 40. Ne7+ Kh7 41. Bc1 Nxg4+ 42. Ke2 Rc3 43. Bd2 Rc2 44. Kd3 Rxd2+ 45. Kxd2 a5 46. Nc6 a4 47. Kc3 Nc5 48. Kb4 Ne6 49. Kxa4 Nf4 50. Kb5 Ng6 51. Nd8 Nxh4 52. Nxf7 Nf5 53. Kc6 Nf6 54. Kxc7 Kg6 55. Nd8 Kg7 56. Nc6 Kf7 57. Kb6 Ne7 58. Kc5 Nxc6 1/2-1/2


[Site "https://www.chess.com"]

[Event "Titled Tuesday Blitz July 26 Early 2022"]
[White "Yaniuk, Volodymyr"]
[Black "Paravyan, David"]
[WhiteFideId "14133083"]
[BlackFideId "4194985"]
[WhiteElo "2141"]
[BlackElo "2569"]
[Result "0-1"]
[Round "01"]
[TimeControl "180+1"]
[Date "2022.07.26"]
[WhiteClock "0:00:09"]
[BlackClock "0:01:11"]

1. d4 Nf6 2. c4 g6 3. Nc3 d5 4. Bg5 Ne4 5. Bh4 Nxc3 6. bxc3 dxc4 7. e3 Be6 8. Nh3 Bxh3 9. gxh3 Bg7 10. Bxc4 O-O 11. O-O Nd7 12. Qf3 c6 13. Rab1 Nb6 14. Bd3 Qd7 15. Qg4 f5 16. Qg2 e5 17. Rfd1 e4 18. Bc2 Nd5 19. Bb3 Kh8 20. Rdc1 f4 21. c4 Nb4 22. Qg4 Rf5 23. exf4 Nd3 24. Rc2 Bxd4 25. Kh1 Qc7 26. Bg3 Re8 27. Re2 c5 28. Kg2 Qc6 29. Kg1 Ref8 30. Bc2 h5 31. Qh4 Bf6 32. Qg4 hxg4 33. hxg4 Rxf4 34. Bxd3 exd3 0-1


[Site "https://www.chess.com"]

[Event "Titled Tuesday Blitz July 26 Early 2022"]
[White "Yuan, Qingyu"]
[Black "Leenhouts, Koen"]
[WhiteFideId "8609772"]
[BlackFideId "1008439"]
[WhiteElo "2359"]
[BlackElo "2409"]
[Result "1-0"]
[Round "01"]
[TimeControl "180+1"]
[Date "2022.07.27"]
[WhiteClock "0:01:15"]
[BlackClock "0:00:28"]

1. e4 c5 2. Nf3 e6 3. b3 b6 4. d4 cxd4 5. Nxd4 Bb7 6. Nd2 Bc5 7. c3 Nc6 8. b4 Be7 9. Nxc6 Bxc6 10. Bd3 Nf6 11. Qe2 d5 12. e5 Nd7 13. O-O O-O 14. f4 Qc7 15. Nf3 a5 16. Bd2 Bb7 17. Rfc1 Rfc8 18. a3 Nf8 19. g3 Qd7 20. Be3 d4 21. Bxd4 Qd5 22. Kf2 axb4 23. axb4 Rxa1 24. Rxa1 Rd8 25. Re1 Bxb4 26. Bxb6 Bc5+ 27. Bxc5 Qxc5+ 28. Qe3 Qxc3 29. Bxh7+ 1-0


[Site "https://www.chess.com"]

[Event "Titled Tuesday Blitz July 26 Early 2022"]
[White "Zarubitski, Viachaslau"]
[Black "Gheorghiu, Calin"]
[WhiteFideId "13509373"]
[BlackFideId "1200305"]
[WhiteElo "2325"]
[BlackElo "2168"]
[Result "1-0"]
[Round "01"]
[TimeControl "180+1"]
[Date "2022.07.27"]
[WhiteClock "0:00:07"]
[BlackClock "0:00:56"]

1. e4 c5 2. Nf3 d6 3. Bb5+ Nd7 4. d4 cxd4 5. Qxd4 a6 6. Bxd7+ Bxd7 7. c4 e5 8. Qd3 b5 9. Nc3 Nf6 10. Bg5 Be7 11. Bxf6 Bxf6 12. cxb5 axb5 13. Qxd6 Qb8 14. Qxb8+ Rxb8 15. Nd5 O-O 16. O-O-O Be6 17. Kb1 Rfc8 18. Rd3 Rc4 19. Nd2 Rd4 20. Rxd4 exd4 21. Nxf6+ gxf6 22. Rc1 b4 23. Rc5 Ra8 24. Nb3 d3 25. Rc1 f5 26. exf5 Bxf5 27. Rd1 d2+ 28. Ka1 Bc2 29. Rxd2 Bxb3 30. Rd4 Bxa2 31. Rxb4 Bd5+ 32. Kb1 Bxg2 33. Rg4+ Kf8 34. Rxg2 Re8 35. Rg3 Re2 36. Rf3 Ke7 37. Ka2 Kd7 38. Ka3 Kc6 39. Rxf7 h5 40. Rf6+ Kd7 41. b4 h4 42. Rf4 h3 43. Rf3 Kc6 44. Rxh3 Rxf2 45. Rc3+ Kb5 46. h4 Rf4 47. h5 Rh4 48. Rc5+ Kb6 49. Rg5 Rh3+ 50. Ka4 Kb7 51. Rg7+ Kc6 52. Rg6+ Kb7 53. h6 Rh5 54. b5 Rh1 55. Rg7+ Kb6 56. Rg6+ Kb7 57. Kb4 Rh2 58. Kc5 Rc2+ 59. Kd4 Rh2 60. Kc5 Rc2+ 61. Kd6 Kb6 62. Ke7+ Kxb5 63. Rg5+ Kb6 64. Kf7 Rc7+ 65. Kg6 Rc6+ 66. Kh5 Rc1 67. h7 Kc7 68. Kh6 1-0


[Site "https://www.chess.com"]

[Event "Titled Tuesday Blitz July 26 Early 2022"]
[White "Zierk, Steven"]
[Black "Tanaka, Taira Tyler"]
[WhiteFideId "2034255"]
[BlackFideId "7002351"]
[WhiteElo "2494"]
[BlackElo "2505"]
[Result "1-0"]
[Round "01"]
[TimeControl "180+1"]
[Date "2022.07.26"]
[WhiteClock "0:02:45"]
[BlackClock "0:02:00"]

1. b3 e5 2. Bb2 Nc6 3. c4 Nf6 4. e3 Be7 5. Nc3 O-O 6. Nf3 d5 7. cxd5 Nxd5 8. Nxd5 Qxd5 9. Bc4 Qd6 10. d4 exd4 11. Nxd4 Nxd4 12. Qxd4 Be6 13. Qxg7# 1-0


[Site "https://www.chess.com"]

[Event "Titled Tuesday Blitz July 26 Early 2022"]
[White "Agasarov, Benik"]
[Black "Demin, Vladimir"]
[WhiteFideId "13314823"]
[BlackFideId "4167457"]
[WhiteElo "2712"]
[BlackElo "2421"]
[Result "1-0"]
[Round "02"]
[TimeControl "180+1"]
[Date "2022.07.27"]
[WhiteClock "0:00:13"]
[BlackClock "0:00:03"]

1. e4 Nf6 2. e5 Nd5 3. d4 d6 4. c4 Nb6 5. f4 dxe5 6. fxe5 Bf5 7. Be3 e6 8. Nc3 Bb4 9. Be2 c5 10. a3 Bxc3+ 11. bxc3 Nc6 12. Nf3 O-O 13. O-O Na5 14. Nd2 Rc8 15. d5 Bg6 16. d6 Nd7 17. Nf3 Nc6 18. Bf4 Qa5 19. Qb3 Qb6 20. Qb5 a6 21. Qxb6 Nxb6 22. Nh4 Na5 23. Nxg6 hxg6 24. Rab1 Nbxc4 25. Bxc4 Nxc4 26. Rxb7 Nxa3 27. Bg5 Nc4 28. d7 Rcd8 29. Bxd8 Rxd8 30. Rfb1 Kf8 31. Re1 Ke7 32. Rc7 Rxd7 33. Rxc5 Nb6 34. Rc6 Nd5 35. Ra1 Nc7 36. c4 f6 37. exf6+ gxf6 38. c5 e5 39. Rb6 e4 40. Rb7 Kd8 41. c6 Rd2 42. Rb8+ Ke7 43. Rc8 Ne6 44. Rc1 Nf4 45. Re1 f5 46. c7 Rxg2+ 47. Kh1 Rc2 48. Rf1 Nd3 49. Rg8 Kf7 50. c8=Q Rxc8 51. Rxc8 e3 52. Rc7+ Ke6 53. Rc3 e2 54. Rg1 e1=Q 55. Rxe1+ Nxe1 56. Re3+ Kf6 57. Rxe1 f4 58. Ra1 Kf5 59. Rxa6 Kg4 60. Ra2 g5 61. Rf2 Kh3 62. Rf3+ Kg4 63. Kg2 1-0


[Site "https://www.chess.com"]

[Event "Titled Tuesday Blitz July 26 Early 2022"]
[White "Altman, Joshua"]
[Black "Mardov, Dimitar"]
[WhiteFideId "426210"]
[BlackFideId "30919495"]
[WhiteElo "1945"]
[BlackElo "2185"]
[Result "0-1"]
[Round "02"]
[TimeControl "180+1"]
[Date "2022.07.26"]
[WhiteClock "0:00:22"]
[BlackClock "0:00:18"]

1. d4 Nf6 2. c4 e6 3. Nf3 Bb4+ 4. Nbd2 O-O 5. a3 Be7 6. e4 d6 7. Bd3 Nfd7 8. O-O e5 9. d5 a5 10. b3 Nc5 11. Bc2 f5 12. exf5 Bxf5 13. Bxf5 Rxf5 14. Qc2 Rf8 15. Rb1 Ncd7 16. Ne4 h6 17. Be3 Nf6 18. Ng3 Nbd7 19. Qg6 Qe8 20. Nh4 Qxg6 21. Nxg6 Rfe8 22. Nf5 Bf8 23. h3 Rab8 24. b4 axb4 25. axb4 b5 26. Nxf8 Kxf8 27. c5 dxc5 28. d6 c6 29. bxc5 Nd5 30. Ra1 Ra8 31. Nh4 Kf7 32. Nf3 Ke6 33. Nd2 Nxe3 34. fxe3 Nxc5 35. Rac1 Nd7 36. Rxc6 Rec8 37. Rfc1 Rxc6 38. Rxc6 Rb8 39. Nb3 b4 40. Ra6 Kd5 41. Kf2 Kc4 42. Na5+ Kb5 43. Ra8 Rxa8 0-1


[Site "https://www.chess.com"]

[Event "Titled Tuesday Blitz July 26 Early 2022"]
[White "Aravindh, Chithambaram VR."]
[Black "Ambartsumova, Karina"]
[WhiteFideId "5072786"]
[BlackFideId "4166299"]
[WhiteElo "2577"]
[BlackElo "2262"]
[Result "1-0"]
[Round "02"]
[TimeControl "180+1"]
[Date "2022.07.26"]
[WhiteClock "0:01:11"]
[BlackClock "0:00:02"]

1. b3 e5 2. Bb2 Nc6 3. e3 g6 4. c4 Bg7 5. g3 Nge7 6. Bg2 O-O 7. Nc3 d6 8. Nge2 Bg4 9. h3 Bd7 10. d4 f5 11. O-O Kh8 12. Nd5 e4 13. Nxe7 Nxe7 14. Qd2 Qe8 15. d5 Qf7 16. Nd4 Rae8 17. Rac1 g5 18. f4 exf3 19. Bxf3 Ng6 20. c5 Qe7 21. cxd6 cxd6 22. Rc7 Qd8 23. Rxb7 Re7 24. Nc6 Bxc6 25. dxc6 Ne5 26. Bd5 Rxb7 27. cxb7 Qb6 28. Kg2 a6 29. Rc1 f4 30. exf4 gxf4 31. gxf4 Ng6 32. Rc8 Nh4+ 33. Kh2 1-0


[Site "https://www.chess.com"]

[Event "Titled Tuesday Blitz July 26 Early 2022"]
[White "Atakhan, Abtin"]
[Black "Koellner, Ruben Gideon"]
[WhiteFideId "22502203"]
[BlackFideId "12993093"]
[WhiteElo "2087"]
[BlackElo "2542"]
[Result "0-1"]
[Round "02"]
[TimeControl "180+1"]
[Date "2022.07.27"]
[WhiteClock "0:00:04"]
[BlackClock "0:00:06"]

1. d4 d6 2. Nf3 Nf6 3. c4 g6 4. Nc3 Bf5 5. Qb3 b6 6. g3 c5 7. Bg2 Nc6 8. Ne5 Nxd4 9. Qa4+ Nd7 10. Nxd7 Bxd7 11. Qd1 Bc6 12. Bxc6+ Nxc6 13. h4 h5 14. b3 Bg7 15. Bb2 O-O 16. e3 Qd7 17. Qe2 Ne5 18. O-O-O Qg4 19. Qc2 Rad8 20. Nd5 Rd7 21. Qc3 e6 22. Nf4 Kh7 23. Nh3 f6 24. f4 Nc6 25. Rdg1 Nb4 26. Qd2 Qf5 27. a3 Nd3+ 28. Kd1 d5 29. Ke2 dxc4 30. Qc3 Nxb2 31. Qxb2 Qd3+ 32. Kf3 Qd5+ 33. Ke2 Qd3+ 34. Kf3 Rfd8 35. Nf2 Qd5+ 36. e4 Qd4 37. Qxd4 Rxd4 38. bxc4 Rxc4 39. Rd1 Rcd4 40. Rxd4 Rxd4 41. Rd1 Rxd1 42. Nxd1 f5 43. e5 Bf8 44. Ke2 c4 45. a4 Bc5 46. Nb2 c3 47. Nd3 Ba3 48. Kd1 Kg7 49. Kc2 Bb2 50. Nb4 Kf7 51. Nc6 a6 52. Nb8 b5 53. a5 Ba3 54. Nxa6 Ke7 55. Kxc3 Kd7 56. Kb3 Be7 57. Nb4 Kc7 58. Nd3 Kb7 59. Nb4 Bc5 60. Nd3 Be7 61. Nb4 Bxb4 62. Kxb4 Ka6 0-1


[Site "https://www.chess.com"]

[Event "Titled Tuesday Blitz July 26 Early 2022"]
[White "Avalos Parra, Joao"]
[Black "Ferreira, Vitor Hugo Vieira"]
[WhiteFideId "3402541"]
[BlackFideId "2119765"]
[WhiteElo "2173"]
[BlackElo "2168"]
[Result "0-1"]
[Round "02"]
[TimeControl "180+1"]
[Date "2022.07.27"]
[WhiteClock "0:00:03"]
[BlackClock "0:00:06"]

1. d4 d5 2. c4 c6 3. Nf3 Nf6 4. e3 e6 5. b3 Nbd7 6. Bb2 Bd6 7. Nbd2 O-O 8. Bd3 Qe7 9. Ne5 Ba3 10. Bc3 Bb4 11. Bxb4 Qxb4 12. O-O c5 13. a3 Qc3 14. Nxd7 Bxd7 15. Qe2 cxd4 16. Rfc1 Qb2 17. exd4 Qxd4 18. Nf3 Qg4 19. h3 Qh5 20. Qe3 a6 21. Ne5 Rfd8 22. c5 Bc6 23. b4 d4 24. Qg3 Be4 25. a4 Bxd3 26. Nxd3 Ne4 27. Qf4 Nc3 28. Kh2 Ne2 29. Qd2 Nxc1 30. Rxc1 e5 31. Re1 f6 32. f4 exf4 33. Nxf4 Qg5 34. Qa2+ Kh8 35. Ne6 Qd5 36. Qd2 Rac8 37. Nxd8 Rxd8 38. Qd3 a5 39. bxa5 Qxc5 40. Re4 f5 41. Re6 h6 42. a6 bxa6 43. Qxa6 Kg8 44. Rc6 Qe5+ 45. Kg1 Qe1+ 46. Kh2 Qe5+ 47. Kg1 d3 48. Qc4+ Qd5 49. Qxd5+ Rxd5 50. Rc1 Kf7 51. Rd1 Ke6 52. Kf2 Ke5 53. Ke3 f4+ 54. Kd2 Kd4 55. Re1 Ra5 56. Rf1 g5 57. h4 Rxa4 58. hxg5 Ra2+ 59. Kd1 Ke3 60. Rf3+ Ke4 61. gxh6 Rxg2 62. Rh3 Rg8 63. h7 Rh8 64. Kd2 Kd4 65. Rh4 Ke4 66. Kd1 Kf3 67. Kd2 Kg3 68. Rh6 f3 69. Kxd3 f2 70. Rg6+ Kh2 71. Rh6+ Kg1 72. Rg6+ Kf1 73. Ke3 Re8+ 74. Kf3 Ke1 75. h8=Q f1=Q+ 76. Kg4 Qg2+ 77. Kh5 Rxh8+ 78. Rh6 Qh3+ 0-1


[Site "https://www.chess.com"]

[Event "Titled Tuesday Blitz July 26 Early 2022"]
[White "Averjanov, Alexey"]
[Black "Andreikin, Dmitry"]
[WhiteFideId "14109867"]
[BlackFideId "4158814"]
[WhiteElo "2655"]
[BlackElo "2736"]
[Result "0-1"]
[Round "02"]
[TimeControl "180+1"]
[Date "2022.07.26"]
[WhiteClock "0:00:05"]
[BlackClock "0:01:55"]

1. d4 Nf6 2. c4 e6 3. Nf3 b6 4. g3 Bb7 5. Bg2 Bb4+ 6. Nbd2 O-O 7. O-O a5 8. b3 Bc3 9. Rb1 d6 10. Qc2 Bxd2 11. Qxd2 Be4 12. Ra1 Nbd7 13. Bb2 a4 14. Rfd1 Qb8 15. Rac1 axb3 16. axb3 Qb7 17. Ne1 Ra2 18. Ra1 Rfa8 19. Rxa2 Rxa2 20. Ra1 Qa8 21. Qc1 Bxg2 22. Nxg2 Ne4 23. Nf4 h6 24. Nd3 Ng5 25. f3 Nf6 26. Nb4 Rxa1 27. Qxa1 Nxf3+ 28. exf3 Qxf3 29. Bc3 Ng4 30. Qa8+ Qxa8 0-1


[Site "https://www.chess.com"]

[Event "Titled Tuesday Blitz July 26 Early 2022"]
[White "Bilan, Danila"]
[Black "Vivekananthan, Anish"]
[WhiteFideId "24161918"]
[BlackFideId "2090775"]
[WhiteElo "2164"]
[BlackElo "2813"]
[Result "1/2-1/2"]
[Round "02"]
[TimeControl "180+1"]
[Date "2022.07.26"]
[WhiteClock "0:00:18"]
[BlackClock "0:00:36"]

1. d4 d5 2. Nf3 Nf6 3. c4 dxc4 4. e3 e6 5. Bxc4 a6 6. a4 c5 7. O-O Nc6 8. Nc3 cxd4 9. exd4 Be7 10. d5 exd5 11. Nxd5 O-O 12. Nxe7+ Qxe7 13. Bg5 Qc5 14. Qc2 Be6 15. Rfc1 Nd5 16. h3 Rac8 17. Qe4 Qa5 18. b4 Ndxb4 19. Bxe6 fxe6 20. Qxe6+ Kh8 21. Bd2 Qd5 22. Qxd5 Nxd5 23. Rab1 Rf7 24. Ne5 Rfc7 25. Nxc6 bxc6 26. Rc5 Kg8 27. Rbc1 Ne7 28. Bg5 Nd5 29. Bd2 Ne7 30. Bg5 Nd5 31. Bd2 1/2-1/2


[Site "https://www.chess.com"]

[Event "Titled Tuesday Blitz July 26 Early 2022"]
[White "Blanco Ronquillo, Humberto L."]
[Black "Dubov, Daniil"]
[WhiteFideId "3504239"]
[BlackFideId "24126055"]
[WhiteElo "2423"]
[BlackElo "2791"]
[Result "0-1"]
[Round "02"]
[TimeControl "180+1"]
[Date "2022.07.26"]
[WhiteClock "0:00:01"]
[BlackClock "0:00:10"]

1. e4 e5 2. Nf3 Nc6 3. Bb5 a6 4. Ba4 Nf6 5. O-O Be7 6. Re1 b5 7. Bb3 O-O 8. h3 Bb7 9. d3 h6 10. Nbd2 Re8 11. Nf1 Bf8 12. a4 d6 13. c3 Ne7 14. Ng3 Ng6 15. Nh2 d5 16. Qf3 c5 17. axb5 axb5 18. Rxa8 Bxa8 19. Ng4 Nxg4 20. hxg4 c4 21. Bc2 d4 22. Nf5 Nh4 23. Qg3 Nxf5 24. gxf5 Qf6 25. Bd2 Bc5 26. b3 dxc3 27. Bxc3 b4 28. Bd2 c3 29. Be3 Bxe3 30. Qxe3 Qa6 31. Qc5 Qa2 32. Re2 Qa3 33. g4 f6 34. f3 Kh7 35. d4 exd4 36. Qxd4 Qa5 37. Kg2 Rd8 38. Qc4 Bb7 39. Qe6 Ba6 40. Rf2 Bd3 41. Bxd3 Rxd3 42. Qf7 Qd8 43. e5 Rd2 44. e6 c2 0-1


[Site "https://www.chess.com"]

[Event "Titled Tuesday Blitz July 26 Early 2022"]
[White "Bortnyk, Olexandr"]
[Black "Ismagilov, Damir"]
[WhiteFideId "14120828"]
[BlackFideId "34199982"]
[WhiteElo "2723"]
[BlackElo "2138"]
[Result "1-0"]
[Round "02"]
[TimeControl "180+1"]
[Date "2022.07.26"]
[WhiteClock "0:00:25"]
[BlackClock "0:00:15"]

1. d4 e6 2. Nc3 Bb4 3. e4 d5 4. Qd3 dxe4 5. Qxe4 Nf6 6. Qh4 b6 7. Nf3 Bb7 8. Bg5 h6 9. Ne5 O-O 10. Bd2 Nc6 11. Nf3 Ne7 12. Bd3 Nf5 13. Qh3 Nxd4 14. O-O-O c5 15. Bxh6 gxh6 16. Qxh6 e5 17. Qg5+ Kh8 18. Qh6+ Kg8 19. Ng5 e4 20. Ncxe4 Bxe4 21. Bxe4 Ne2+ 22. Kb1 Bd2 23. Rxd2 Qxd2 24. Bh7+ 1-0


[Site "https://www.chess.com"]

[Event "Titled Tuesday Blitz July 26 Early 2022"]
[White "Bryakin, Mikhail"]
[Black "Sadykov, Ramil"]
[WhiteFideId "4165314"]
[BlackFideId "24113590"]
[WhiteElo "2422"]
[BlackElo "2226"]
[Result "1/2-1/2"]
[Round "02"]
[TimeControl "180+1"]
[Date "2022.07.27"]
[WhiteClock "0:00:17"]
[BlackClock "0:00:03"]

1. e4 e5 2. d4 exd4 3. Qxd4 Nc6 4. Qd3 g6 5. Nc3 Bg7 6. Nf3 Nge7 7. Bg5 h6 8. Bh4 d6 9. O-O-O Be6 10. Nd5 g5 11. Bg3 Qd7 12. a3 O-O-O 13. h4 g4 14. Nd2 f5 15. Nf4 Ne5 16. Qb5 Qxb5 17. Bxb5 Bf7 18. Rhe1 c6 19. Bf1 fxe4 20. Nxe4 Nf5 21. Bh2 d5 22. Nd2 Nxh4 23. Nd3 Nxd3+ 24. Bxd3 Bg6 25. Re7 Rd7 26. Rde1 Bxd3 27. cxd3 Nf5 28. Re8+ Rxe8 29. Rxe8+ Rd8 30. Re6 Kd7 31. Rg6 h5 32. Bf4 Rg8 33. Kb1 Ke7 34. Rg5 Ke6 35. Rxh5 Bd4 36. Rh7 Rg7 37. Rxg7 Nxg7 38. f3 Kf5 39. Bb8 Ne6 40. Nf1 gxf3 41. gxf3 Ng5 42. Ng3+ Ke6 43. f4 Nf7 44. f5+ Kf6 45. Kc2 Bf2 46. Ne2 Kxf5 47. Nc3 Ke6 48. Ne2 Bb6 49. Bg3 Ne5 50. Bxe5 Kxe5 51. Nc3 Bd4 52. Na2 a5 53. Nc1 a4 54. b3 axb3+ 55. Nxb3 Bb6 56. a4 Bc7 57. Nd2 Bd6 58. Nb3 Bc7 59. Nc5 b6 60. Nb3 Bd6 61. Nd2 Bc7 62. Nf3+ Kd6 63. Nd2 Kc5 64. Kb3 b5 65. axb5 Kxb5 66. Nf3 c5 67. Ng5 Be5 68. Ne6 c4+ 69. dxc4+ dxc4+ 70. Kc2 Kb4 71. Nd8 Kc5 72. Ne6+ Kd5 73. Ng5 Kc5 74. Nf3 Bf6 75. Nd2 Kb4 76. Nxc4 1/2-1/2


[Site "https://www.chess.com"]